TOP OF THE 1ST |
Philadelphia Athletics batting - Pitching for New York Knights : RHP Ramiro Piña
|
Pitching: RHP Ramiro Piña
|
|
Batting: LHB John Peterson
|
0-0: Swinging Strike 0-1: Ball 1-1: Ball 2-1: Called Strike 2-2: Foul Ball, location: 2F 2-2: Ball 3-2: Base on Balls
|
Batting: LHB Brian Boone
|
0-0: Called Strike 0-1: Called Strike 0-2: Fly out, F8 (Flyball, 89M)
|
Batting: RHB Tony Morton
|
0-0: Ball 1-0: Ball 2-0: Foul Ball, location: 2F 2-1: Fly out, F9 (Flyball, 9)
|
Batting: RHB Alfredo Rivera
|
0-0: Ball 1-0: Ball 2-0: Foul Ball, location: 2F 2-1: Ball 3-1: Foul Ball, location: 2F 3-2: Foul Ball, location: 2F 3-2: Base on Balls John Peterson to second
|
Batting: LHB Carter Sweet
|
0-0: Ball 1-0: Ball 2-0: Foul Ball, location: 2F 2-1: SINGLE (Groundball, 4MD) John Peterson to third Alfredo Rivera to second Runner from 3rd tries for Home, SAFE, no throw
|
Batting: RHB Valentín Borges
|
0-0: Called Strike 0-1: Ball 1-1: Ball 2-1: Ground out U3 (Groundball, 34)
|
Top of the 1st over - 1 run, 1 hit, 0 errors, 2 left on base; Philadelphia 1 - New York 0 |
BOTTOM OF THE 1ST |
New York Knights batting - Pitching for Philadelphia Athletics : RHP Butch Ramey
|
Pitching: RHP Butch Ramey
|
|
Batting: LHB Bob Campbell
|
0-0: Ground out 6-3 (Groundball, 6)
|
Batting: RHB Jackson Gibson
|
0-0: Called Strike 0-1: Ball 1-1: Ball 2-1: Ball 3-1: Foul Ball, location: 2F 3-2: Foul Ball, location: 2F 3-2: Base on Balls
|
Batting: LHB Willie Wallace
|
0-0: Ball 1-0: Ball Throwing error on steal attempt, E2 Jackson Gibson to third 2-0: Foul Ball, location: 2F 2-1: Foul Ball, location: 2F 2-2: Ball 3-2: Foul Ball, location: 2F 3-2: Foul Ball, location: 2F 3-2: Foul Ball, location: 2F 3-2: Hit by Pitch
|
Batting: SHB Mark Wells
|
0-0: Ball 1-0: Swinging Strike 1-1: Ball 2-1: Fly out, F7 (Flyball, 78M) Throwing error, E7 Jackson Gibson scores Willie Wallace to second
|
Batting: RHB Alberto Hernández
|
0-0: Called Strike 0-1: Ball 1-1: Called Strike 1-2: Foul Ball, location: 2F 1-2: Fly out, F5 (Line Drive, 56)
|
Bottom of the 1st over - 1 run, 0 hits, 2 errors, 1 left on base; Philadelphia 1 - New York 1 |
TOP OF THE 2ND |
Philadelphia Athletics batting - Pitching for New York Knights : RHP Ramiro Piña
|
Batting: RHB Anastasio Villa
|
0-0: Ball 1-0: Ball 2-0: SINGLE (Groundball, 56D)
|
Batting: RHB Miguel Encarnación
|
0-0: Fly out, F7 (Flyball, 7LD)
|
Batting: SHB Héctor Padilla
|
0-0: Called Strike 0-1: Ball 1-1: Foul Ball, location: 2F 1-2: DOUBLE (Flyball, 8RXD) Anastasio Villa to third
|
Batting: LHB John Peterson
|
0-0: Ball 1-0: Ball 2-0: Ball 3-0: Base on Balls
|
Batting: LHB Brian Boone
|
0-0: Called Strike 0-1: Foul Ball, location: 2F 0-2: Foul Ball, location: 2F 0-2: Strikes out swinging
|
Batting: RHB Tony Morton
|
0-0: Ball 1-0: Foul Ball, location: 2F 1-1: Foul Ball, location: 2F 1-2: Ball 2-2: Ball 3-2: Ground out 1-3 (Groundball, 15S)
|
Top of the 2nd over - 0 runs, 2 hits, 0 errors, 3 left on base; Philadelphia 1 - New York 1 |
BOTTOM OF THE 2ND |
New York Knights batting - Pitching for Philadelphia Athletics : RHP Butch Ramey
|
Batting: RHB Yasuhiko Sumita
|
0-0: Called Strike 0-1: Ball 1-1: Called Strike 1-2: Ball 2-2: Foul Ball, location: 2F 2-2: Ball 3-2: Fly out, F7 (Flyball, 7LS)
|
Batting: RHB Gerald Miller
|
0-0: Called Strike 0-1: Ball 1-1: Foul Ball, location: 2F 1-2: Foul Ball, location: 2F 1-2: Ball 2-2: Fly out, F9 (Flyball, 9D)
|
Batting: RHB Jason Blair
|
0-0: Swinging Strike 0-1: Swinging Strike 0-2: Ball 1-2: Ball 2-2: Strikes out swinging
|
Bottom of the 2nd over - 0 runs, 0 hits, 0 errors, 0 left on base; Philadelphia 1 - New York 1 |
TOP OF THE 3RD |
Philadelphia Athletics batting - Pitching for New York Knights : RHP Ramiro Piña
|
Batting: RHB Alfredo Rivera
|
0-0: Foul Ball, location: 2F 0-1: Ball 1-1: Ball 2-1: Foul Ball, location: 2F 2-2: Ground out 1-6-3 (Groundball, 15S)
|
Batting: LHB Carter Sweet
|
0-0: Ball 1-0: Called Strike 1-1: Ball 2-1: Called Strike 2-2: Fly out, F8 (Flyball, 8LS)
|
Batting: RHB Valentín Borges
|
0-0: Swinging Strike 0-1: Called Strike 0-2: Ball 1-2: SINGLE (Line Drive, 7LS)
|
Batting: RHB Anastasio Villa
|
0-0: Called Strike 0-1: Ball 1-1: Foul Ball, location: 2F 1-2: Foul Ball, location: 2F 1-2: Ball 2-2: Strikes out looking
|
Top of the 3rd over - 0 runs, 1 hit, 0 errors, 1 left on base; Philadelphia 1 - New York 1 |
BOTTOM OF THE 3RD |
New York Knights batting - Pitching for Philadelphia Athletics : RHP Butch Ramey
|
Batting: RHB Robert Downing
|
0-0: Ball 1-0: Ground out 3-1 (Groundball, 34)
|
Batting: LHB Bob Campbell
|
0-0: Called Strike 0-1: Ball 1-1: Foul Ball, location: 2F 1-2: Ball 2-2: Ball 3-2: Ground out 5-3 (Groundball, 56)
|
Batting: RHB Jackson Gibson
|
0-0: Swinging Strike 0-1: Ball 1-1: Foul Ball, location: 2F 1-2: Strikes out looking
|
Bottom of the 3rd over - 0 runs, 0 hits, 0 errors, 0 left on base; Philadelphia 1 - New York 1 |
TOP OF THE 4TH |
Philadelphia Athletics batting - Pitching for New York Knights : RHP Ramiro Piña
|
Batting: RHB Miguel Encarnación
|
0-0: Called Strike 0-1: Foul Ball, location: 2F 0-2: Strikes out swinging
|
Batting: SHB Héctor Padilla
|
0-0: Fly out, F8 (Flyball, 8LS)
|
Batting: LHB John Peterson
|
0-0: Fly out, F4 (Line Drive, 4)
|
Top of the 4th over - 0 runs, 0 hits, 0 errors, 0 left on base; Philadelphia 1 - New York 1 |
BOTTOM OF THE 4TH |
New York Knights batting - Pitching for Philadelphia Athletics : RHP Butch Ramey
|
Batting: LHB Willie Wallace
|
0-0: Called Strike 0-1: Fly out, F8 (Line Drive, 8LM)
|
Batting: SHB Mark Wells
|
0-0: Foul Ball, location: 2F 0-1: Ball 1-1: Ball 2-1: Fly out, F9 (Flyball, 89S)
|
Batting: RHB Alberto Hernández
|
0-0: Called Strike 0-1: Swinging Strike 0-2: Ball 1-2: Strikes out looking
|
Bottom of the 4th over - 0 runs, 0 hits, 0 errors, 0 left on base; Philadelphia 1 - New York 1 |
TOP OF THE 5TH |
Philadelphia Athletics batting - Pitching for New York Knights : RHP Ramiro Piña
|
Batting: LHB Brian Boone
|
0-0: Called Strike 0-1: Ball 1-1: Ground out U3 (Groundball, 3)
|
Batting: RHB Tony Morton
|
0-0: SINGLE (Line Drive, 7LS)
|
Pitching: LHP Henny van der Lack
|
|
Batting: RHB Alfredo Rivera
|
0-0: Ball 1-0: Swinging Strike 1-1: Fly out, F9 (Flyball, 89S)
|
Batting: LHB Carter Sweet
|
0-0: Foul Ball, location: 2F 0-1: Ball 1-1: Ball 2-1: Ball 3-1: Swinging Strike 3-2: Foul Ball, location: 2F 3-2: Base on Balls Tony Morton to second
|
Batting: RHB Valentín Borges
|
0-0: Called Strike 0-1: Ball 1-1: Swinging Strike 1-2: Foul Ball, location: 2F 1-2: Ball 2-2: Ball 3-2: Base on Balls Tony Morton to third Carter Sweet to second
|
Batting: RHB Anastasio Villa
|
0-0: Called Strike 0-1: Swinging Strike 0-2: Ball 1-2: Ground out 5-3 (Groundball, 56)
|
Top of the 5th over - 0 runs, 1 hit, 0 errors, 3 left on base; Philadelphia 1 - New York 1 |
BOTTOM OF THE 5TH |
New York Knights batting - Pitching for Philadelphia Athletics : RHP Butch Ramey
|
Batting: RHB Yasuhiko Sumita
|
0-0: Ball 1-0: Swinging Strike 1-1: Ball 2-1: Ground out 5-3 (Groundball, 5L)
|
Batting: RHB Gerald Miller
|
0-0: Ball 1-0: Ball 2-0: Foul Ball, location: 2F 2-1: Ball 3-1: Base on Balls
|
Batting: RHB Jason Blair
|
0-0: Ball 1-0: Ball Wild Pitch! Gerald Miller to second 2-0: Foul Ball, location: 2F 2-1: SINGLE (Flyball, 7LS) Gerald Miller to third
|
Batting: RHB Robert Downing
|
0-0: Ball 1-0: Called Strike 1-1: Ball 2-1: SINGLE (Groundball, 56D) Gerald Miller scores Jason Blair to second
|
Batting: LHB Bob Campbell
|
0-0: Ball Jason Blair steals 3rd base 1-0: Ground out 5-3 (Groundball, 56) Robert Downing to second
|
Batting: RHB Jackson Gibson
|
0-0: Called Strike 0-1: Swinging Strike 0-2: Ball 1-2: Foul Ball, location: 2F 1-2: Strikes out swinging
|
Bottom of the 5th over - 1 run, 2 hits, 0 errors, 2 left on base; Philadelphia 1 - New York 2 |
TOP OF THE 6TH |
Philadelphia Athletics batting - Pitching for New York Knights : LHP Henny van der Lack
|
Batting: RHB Miguel Encarnación
|
0-0: Called Strike 0-1: Called Strike 0-2: Ball 1-2: Strikes out swinging
|
Batting: SHB Héctor Padilla
|
0-0: Ball 1-0: Ball 2-0: Ball 3-0: Called Strike 3-1: Swinging Strike 3-2: Base on Balls
|
Batting: LHB John Peterson
|
0-0: Ball 1-0: Ball 2-0: Foul Ball, location: 2F 2-1: Called Strike 2-2: Ball 3-2: Ground out U3 (Groundball, 34) Héctor Padilla to second
|
Batting: LHB Brian Boone
|
0-0: Ball 1-0: Called Strike 1-1: Ground out 1-3 (Groundball, 13S)
|
Top of the 6th over - 0 runs, 0 hits, 0 errors, 1 left on base; Philadelphia 1 - New York 2 |
BOTTOM OF THE 6TH |
New York Knights batting - Pitching for Philadelphia Athletics : RHP Butch Ramey
|
Pitching: RHP Ricardo Pérez
|
|
Batting: LHB Willie Wallace
|
0-0: Foul Ball, location: 2F 0-1: Called Strike 0-2: Foul Ball, location: 2F 0-2: Ball 1-2: Strikes out swinging
|
Batting: SHB Mark Wells
|
0-0: Called Strike 0-1: Fly out, F8 (Flyball, 8RS)
|
Batting: RHB Alberto Hernández
|
0-0: Fly out, F7 (Flyball, 78M)
|
Bottom of the 6th over - 0 runs, 0 hits, 0 errors, 0 left on base; Philadelphia 1 - New York 2 |
TOP OF THE 7TH |
Philadelphia Athletics batting - Pitching for New York Knights : LHP Henny van der Lack
|
Batting: RHB Tony Morton
|
0-0: Ball 1-0: Called Strike 1-1: Ball 2-1: Ball 3-1: Base on Balls
|
Batting: RHB Alfredo Rivera
|
0-0: Ball 1-0: Ball 2-0: Ball 3-0: Base on Balls Tony Morton to second
|
Pitching: RHP James Jones
|
|
Batting: LHB Carter Sweet
|
0-0: Fly out, F9 (Flyball, 89D) Runner from 2nd tags up, SAFE at 3rd, no throw
|
Batting: RHB Valentín Borges
|
0-0: Ball 1-0: Ball 2-0: Foul Ball, location: 2F 2-1: Called Strike 2-2: Ball 3-2: Strikes out looking
|
Batting: RHB Anastasio Villa
|
0-0: Fielders Choice at 2nd, 6-4 (Groundball, 6)
|
Top of the 7th over - 0 runs, 0 hits, 0 errors, 2 left on base; Philadelphia 1 - New York 2 |
BOTTOM OF THE 7TH |
New York Knights batting - Pitching for Philadelphia Athletics : RHP Ricardo Pérez
|
Batting: RHB Yasuhiko Sumita
|
0-0: Ball 1-0: Called Strike 1-1: SINGLE (Line Drive, 6M)
|
Batting: RHB Gerald Miller
|
0-0: Fly out, F8 (Flyball, 8RS)
|
Batting: RHB Jason Blair
|
0-0: Called Strike 0-1: Foul Ball, location: 2F 0-2: Foul Ball, location: 2F 0-2: Strikes out swinging
|
Batting: RHB Robert Downing
|
0-0: Ball 1-0: Ground out 6-3 (Groundball, 6S)
|
Bottom of the 7th over - 0 runs, 1 hit, 0 errors, 1 left on base; Philadelphia 1 - New York 2 |
TOP OF THE 8TH |
Philadelphia Athletics batting - Pitching for New York Knights : RHP James Jones
|
Batting: RHB Miguel Encarnación
|
0-0: Ball 1-0: Ball 2-0: Ball 3-0: Base on Balls
|
Batting: SHB Héctor Padilla
|
0-0: Ball 1-0: Swinging Strike 1-1: Called Strike 1-2: Ball 2-2: Foul Ball, location: 2F 2-2: Strikes out swinging
|
Batting: LHB John Peterson
|
0-0: SINGLE (Groundball, 3) (infield hit) Miguel Encarnación to second
|
Batting: LHB Brian Boone
|
0-0: Ball 1-0: Called Strike 1-1: Ball 2-1: Fly out, F9 (Line Drive, 9LM)
|
Batting: RHB Tony Morton
|
0-0: Ball 1-0: Ground out 3-1 (Groundball, 34S)
|
Top of the 8th over - 0 runs, 1 hit, 0 errors, 2 left on base; Philadelphia 1 - New York 2 |
BOTTOM OF THE 8TH |
New York Knights batting - Pitching for Philadelphia Athletics : RHP Ricardo Pérez
|
Pitching: LHP Rob Greene
|
|
Batting: LHB Bob Campbell
|
0-0: Ball 1-0: Foul Ball, location: 2F 1-1: Ground out 4-3 (Groundball, 34)
|
Pitching: LHP Yu-shu Kong
|
|
Batting: RHB Jackson Gibson
|
0-0: Foul Ball, location: 2F 0-1: Single, Error in OF, E8, batter to second base
|
Batting: LHB Willie Wallace
|
0-0: Ball 1-0: SINGLE (Line Drive, 4MD) Jackson Gibson to third Runner from 3rd tries for Home, SAFE, no throw
|
Batting: SHB Mark Wells
|
0-0: Ball 1-0: Called Strike 1-1: Foul Ball, location: 2F 1-2: Ball 2-2: SINGLE (Line Drive, 7S) Willie Wallace to second
|
Batting: RHB Alberto Hernández
|
0-0: Called Strike 0-1: Ball 1-1: Called Strike 1-2: Grounds into double play, 5-4-3 (Groundball, 56)
|
Bottom of the 8th over - 1 run, 3 hits, 1 error, 1 left on base; Philadelphia 1 - New York 3 |
TOP OF THE 9TH |
Philadelphia Athletics batting - Pitching for New York Knights : RHP James Jones
|
Pitching: RHP Sancho Mendoza
|
|
Batting: RHB Alfredo Rivera
|
0-0: Swinging Strike 0-1: Ball 1-1: Foul Ball, location: 2F 1-2: Strikes out swinging
|
Batting: LHB Carter Sweet
|
0-0: Ball 1-0: Fly out, F7 (Flyball, 7LM)
|
Batting: RHB Valentín Borges
|
0-0: Ground out 6-3 (Groundball, 6)
|
Top of the 9th over - 0 runs, 0 hits, 0 errors, 0 left on base; Philadelphia 1 - New York 3 |
|